Unix NetHack Version 5.0.0-0 post-release - last build Jun 10 2026 00:39:30 (3ee93aec679c4c4259841fe613dc97188e26a321,branch:main).

Game began 2026-06-23 18:44:42, ended 2026-06-23 19:06:28.

DaveT, lawful male human Priest

       ----------  -------                     ------                   -----
       |........----.........-      #...--     |((((|.-..--       ----  |...|
       ...@..@|...........|..-. *` --....---   |(.!.-...... -------..-- |...|
       |...@.--------.    ....|....-.......--  |(((.|.....| |.........-----%|
       --|--.|            ....|...-.........|--------...|-| --%.............|
                          ...-|.......G...---.............----....{.....-----
                   .-     ....|-..........|-..----.+...|-...............-..|
                 ((.      --..|.....|....-|.....--......|--..|......)..-|..|
                ----    ..|...|..--.|....--..|..........| ...|-...---%------
                       -....------|.|-......---...-..--.-....--------|---
                       ......-    |.|--............|............|  |....|
                       ...{...|   |.|  .----.......|.....-......-  |%%(%|
                       .......--  ..|---#  --.---..|..........|%.| ------
                       ........----.|..|  **|.| ---......|....|..-----
                        ..+---......|..|  ##..|   #--...----..|)...|)----
                 ..          .-----.-..|  -..|---#  -----  ---|....[%...|--
               ...                ------  |......#   ----     ----.....-|.--
              ---                         |.._...####...|---.......|..).|..-
                                          ......| `  |.%..%........|---.....|
                                          --.....    --.......------  ---..<|
                                                      -----              ----
DaveT the Adept              St:12 Dx:13 Co:16 In:15 Wi:18 Ch:11  Lawful
Dlvl:7  $:43 HP:0(60) Pw:84(85) AC:0  Xp:7 T:2947  Burdened Stun Conf

Latest messages:
 You already found a monster.  Use 'm' prefix to force another search.
 You already found a monster.  Use 'm' prefix to force another search.
 You already found a monster.  Use 'm' prefix to force another search.
 You already found a monster.  Use 'm' prefix to force another search.
 You already found a monster.  Use 'm' prefix to force another search.
 You already found a monster.  Use 'm' prefix to force another search.
 You already found a monster.  Use 'm' prefix to force another search.
 You already found a monster.  Use 'm' prefix to force another search.
 Are you waiting to get hit?  Use 'm' prefix to force a no-op (to rest).
 Are you waiting to get hit?  Use 'm' prefix to force a no-op (to rest).
 Are you waiting to get hit?  Use 'm' prefix to force a no-op (to rest).
 Are you waiting to get hit?  Use 'm' prefix to force a no-op (to rest).
 Are you waiting to get hit?  Use 'm' prefix to force a no-op (to rest).
 Are you waiting to get hit?  Use 'm' prefix to force a no-op (to rest).
 You hit the watchman!
 The watchman gets angry!
 You hear the shrill sound of guards' whistles.
 The watchman wields a blessed short sword!
 You kill the gnome lord!
 The watchman thrusts her short sword.
 The watchman just misses!
 The watchman thrusts her short sword.
 The watchman hits!
 The watchman thrusts her short sword.
 The watchman hits!
 The watchman thrusts her short sword.
 The watchman hits!
 You feel a bit steadier now.
 The watchman thrusts her short sword.
 The watchman hits!
 What do you want to drink? [tuQ or ?*] ?
 You feel better.
 The watchman thrusts her short sword.
 The watchman hits!
 There appears to be no shopkeeper here to receive your payment.
 #ch: unknown extended command.
 Talk to whom? (in what direction) y
 "Surrender!"
 The watchman thrusts her short sword.
 The watchman hits!
 Your knowledge of this spell is twisted.
 It invokes nightmarish images in your mind...
 You hit the watchman!
 The watchman thrusts her short sword.
 The watchman hits!
 The watchman thrusts a pole sickle.
 You are hit by a pole sickle.
 You die...
 Do you want your possessions identified? [ynq] (y) y
 Do you want to see your attributes? [ynq] (y) q

Inventory:
 Coins    ('$')
  $ - 43 gold pieces
 Weapons  (')')
  H - 12 +0 darts
  j - a +0 orcish dagger (at the ready)
  S - a blessed +0 aklys
  a - a blessed +6 mace (weapon in right hand)
 Armor    ('[')
  k - a +0 orcish helm (being worn)
  v - a +0 pair of kicking boots (being worn)
  c - a burnt +0 small shield (being worn)
  b - a +0 robe (being worn)
  r - a +0 splint mail (being worn)
 Comestibles  ('%')
  e - a clove of garlic
  E - a cram ration
  w - 3 food rations
  l - a fortune cookie
  f - a sprig of wolfsbane
 Scrolls  ('?')
  P - a scroll of create monster
  T - 2 scrolls of light
 Spellbooks  ('+')
  o - a spellbook of charm monster
  g - a spellbook of healing
  h - a spellbook of remove curse
 Potions  ('!')
  u - a blessed potion of gain energy
  Q - a potion of paralysis
 Wands    ('/')
  C - a wand of cancellation (0:4)
  Z - a cursed wand of cold (0:5)
  I - a wand of locking (0:7)
  W - a wand of magic missile (0:4)
  i - a cursed wand of magic missile (0:2)
  A - a wand of sleep (0:3)
  B - a wand of teleportation (0:4)
 Tools    ('(')
  X - a lock pick
  x - a blessed oil lamp
  m - a cursed +0 pick-axe
  n - a partly used tallow candle
  R - a cursed partly used tallow candle
  V - a towel
 Gems/Stones  ('*')
  G - a worthless piece of black glass
  q - a worthless piece of yellowish brown glass

DaveT the Priest's attributes:

Background:
 You were an Adept, a level 7 human Priest.
 You were lawful, nominally on a mission for Athena
 who was opposed by Hermes (neutral) and Poseidon (chaotic).
 You were right-handed.
 You were in the Gnomish Mines, on level 7.
 You entered the dungeon 2947 turns ago.
 You had 673 experience points, 607 more were needed to attain level 8.

Basics:
 You had 0 out of 60 hit points.
 You had 84 out of 85 energy points (spell power).
 Your armor class was 0.
 Your wallet contained 43 zorkmids.
 Autopickup was off.

Final Characteristics:
 Your strength was 12 (limit:18/100).
 Your dexterity was 13 (limit:18).
 Your constitution was 16 (limit:18).
 Your intelligence was 15 (limit:18).
 Your wisdom was 18 (limit:18).
 Your charisma was 11 (limit:18).

Final Status:
 You were stunned.
 You were confused.
 You weren't hungry.
 You were burdened; movement was slightly slowed.
 You were wielding a mace.
 You were skilled in mace.

Final Attributes:
 You were piously aligned.
 You were telepathic.
 You were guarded.
 Your spell casting was impaired by metallic armor, mitigated by your robe.
 You were fast.
 You are dead.

Miscellaneous:
 You encountered 2 bones levels.
 Total elapsed playing time was 21 minutes and 45 seconds.

Major events:
 Turn
    1: DaveT the lawful human Priest entered the dungeon
  731: attained the rank of Acolyte (level 3)
  862: entered the Gnomish Mines
 2044: attained the rank of Adept (level 6)
 2238: reached Mine Town
 2947: killed by a fauchard

Spells:
 Name                 Level Category     Fail Retention
 healing                1   healing       67%    (gone)
 remove curse           3   clerical      41%   81%-90%

Skills:
 Fighting Skills
   bare handed combat [Unskilled]
 Weapon Skills
   club               [Unskilled]
   mace               [Skilled]
   morning star       [Unskilled]
   flail              [Unskilled]
   hammer             [Unskilled]
   quarterstaff       [Unskilled]
   polearms           [Unskilled]
   spear              [Unskilled]
   trident            [Unskilled]
   lance              [Unskilled]
   bow                [Unskilled]
   sling              [Unskilled]
   crossbow           [Unskilled]
   dart               [Unskilled]
   shuriken           [Unskilled]
   boomerang          [Unskilled]
   unicorn horn       [Unskilled]
 Spellcasting Skills
   healing spells     [Unskilled]
   divination spells  [Unskilled]
   clerical spells    [Basic]

Voluntary challenges:
 Character rerolling was not enabled.
 You were an atheist.
 You never genocided any monsters.
 You never polymorphed an object.
 You never changed form.
 You used no wishes.
Achievements:
 You attained the rank of Acolyte.
 You entered the Gnomish Mines.
 You attained the rank of Adept.
 You entered Minetown.
 You entered a shop.
 You entered a temple.

 The Dungeons of Doom: levels 1 to 4
    Level 1:
       A fountain.
    Level 2:
       A fountain, a grave.
    Level 3:
       A fountain, a sink.
       Stairs down to The Gnomish Mines.
    Level 4:
       Final resting place for
          snarksnark-Wiz-Hum-Mal-Neu, killed by a kobold lady.
 The Gnomish Mines: levels 4 to 7
    Level 4:
    Level 5:
    Level 6:
    Level 7: <- You were here.
       Some shops, a temple and an altar, many fountains, a grave.
       Final resting place for
          you, killed by a fauchard,
          GdeVolpiano-Arc-Hum-Fem-Neu, killed by a yeti.


Vanquished creatures:
  a ghost
  a gnome ruler
  a yeti
  a gnome mummy
  a fire ant
  a mountain nymph
  2 Uruk-hai
  a rock mole
  6 gnome leaders
  2 gnomish wizards
  2 floating eyes
  5 dwarves
  2 hill orcs
  a wererat
  a large kobold
  a giant rat
  2 cave spiders
 31 gnomes
  3 geckos
  4 jackals
  2 foxes
  3 kobolds
  2 goblins
  5 grid bugs
  a lichen
  3 newts
85 creatures vanquished.

No species were genocided or became extinct.

Game over:
                       ----------
                      /          \
                     /    REST    \
                    /      IN      \
                   /     PEACE      \
                  /                  \
                  |      DaveT       |
                  |      43 Au       |
                  |   killed by a    |
                  |     fauchard     |
                  |                  |
                  |                  |
                  |       2026       |
                 *|     *  *  *      | *
        _________)/\\_//(\/(/\)/\//\/|_)_______

Goodbye DaveT the Priest...

You died in The Gnomish Mines on dungeon level 7 with 3121 points,
and 43 pieces of gold, after 2947 moves.
You were level 7 with a maximum of 60 hit points when you died.

